 Dungeon Sprint DCSS version 0.30-a0-800-g7c544603b3 (webtiles) character file.

Game seed: 9797091603137133669

1000000 BigDaddyOpFi the Spry (level 11, -16/65 HPs)
             Began as a Djinni Summoner on Feb 23, 2023.
             Was a Follower of Makhleb.
             Demolished by a meat berserker
             ... wielding a +9 battleaxe
              (47 damage)
             ... in the Dungeon (Sprint VIII: "Arena of Blood").
             The game lasted 00:00:18 (10 turns).

BigDaddyOpFi the Spry (Djinni Summoner)               Turns: 10, Time: 00:00:18

Health: -16/65     AC:  2    Str:  7    XL:     11   Next: 25%
Gold:   0          EV: 23    Int: 16    God:    Makhleb [*.....] SH:  0 Dex: 19

rFire   + + .      SeeInvis .    g - +∞ Axe of Woe
rCold   x . .      Faith    .    (shield currently unavailable)
rNeg    . . .      Spirit   .    a - +0 robe
rPois   ∞          Reflect  .    (no helmet)
rElec   .          Harm     .    (no cloak)
rCorr   .          Rampage  .    (no gloves)
Will    +....      NoTele   +    (boots unavailable)
Stlth   ++++++                   (no amulet)
HPRegen 0.30/turn                (no ring)
MPRegen 0.00/turn                (no ring)

@: flying
A: sickness immunity, fire resistance 2, cold vulnerability 1, float, innate
caster, HP casting, extra vitality 1
a: Renounce Religion


You were in the Dungeon.
You worshipped Makhleb.
Makhleb was aware of your devotion.
You visited 1 branch

Inventory:

Hand Weapons
 g - the +∞ Axe of Woe (weapon)
   (You found it in the Dungeon)
Armour
 a - a +0 robe (worn)
Scrolls
 f - a scroll of blinking
Potions
 b - a potion of curing
 c - a potion of heal wounds
 d - a potion of haste
 e - a potion of berserk rage


   Skills:
 + Level 0.0 Fighting
 + Level 0.0 Axes
 + Level 0.0 Armour
 + Level 16.5 Dodging
 + Level 14.0 Stealth
 + Level 0.0 Unarmed Combat
 + Level 12.3 Spellcasting
 + Level 0.0 Invocations


You knew the following spells:

 Your Spells              Type           Power      Damage    Failure   Level
a - Summon Small Mammal   Summ           100%       N/A       1%          1
b - Call Imp              Summ           49%        N/A       1%          2
c - Call Canine Familiar  Summ           49%        N/A       1%          3
d - Summon Guardian Gole  Hex/Summ       49%        N/A       1%          3
e - Summon Lightning Spi  Summ/Air       49%        N/A       1%          4
f - Beastly Appendage     Tmut           98%        N/A       1%          1
g - Blink                 Tloc           98%        N/A       1%          2
h - Hailstorm             Conj/Ice       49%        3d11      1%          3
i - Animate Dead          Necr           49%        N/A       1%          4
j - Metabolic Englaciati  Hex/Ice        24%        N/A       1%          5
Your spell library was empty.

Dungeon Overview and Level Annotations

Branches:
Dungeon (1/1)

Altars:
Makhleb


Innate Abilities, Weirdness & Mutations

You are immune to sickness and miasma.
You are immune to poison.
Your flesh is very heat resistant. (rF++)
You are vulnerable to cold. (rC-)
You float through the air rather than walking.
You learn spells naturally, not from books.
Your magical power is your life essence.
You have superior vitality. (+4 MHP)


Message History

You feel agile. x2
The power to cast Animate Dead wells up from within.
Spell assigned to 'i'.
You have reached level 10!
You have reached level 11!
The power to cast Metabolic Englaciation wells up from within.
Spell assigned to 'j'.
Unknown command.
Press < or > to pray at altars.
A bag of meat comes into view. It is wielding a +9 war axe.
The bag of meat shouts!
You hear a shout! x7
You hear a shout! x12
A meat berserker comes into view. It is wielding a +9 battleaxe.
You hear a shout! x5
A bag of meat comes into view. It is wielding a +9 war axe.
Unknown command.
The bag of meat shouts!
You hear a shout! x4
The meat berserker hits you with a +9 battleaxe!!
Ouch! That really hurt!
You hear a shout! x6
The meat berserker rages.
Unknown command.
You hit the meat berserker.
You dissect the meat berserker like a pig carcass.
You kill the meat berserker!
Makhleb accepts your kill.
You can now gain health from killing.
You slash the bag of meat!
You dissect the bag of meat like a pig carcass.
You kill the bag of meat!
Makhleb accepts your kill.
You slash the bag of meat!
You pulverise the bag of meat into a thin bloody mist.
You kill the bag of meat!
Makhleb accepts your kill.
You hear a shout! x6
A bag of meat comes into view. It is wielding a +9 war axe.
You hear a shout! x5
The meat berserker hits you with a +9 battleaxe!!!
Ouch! That really hurt!
You die...

.. ....o #.
...# #.. ..o# .
.###.. ...###..
......###......
......_.....
#...))# #_.<@_#
#..O..#
......_.....
......###......
.###.. ...###..
#.. ...# . #.
...# .. .....


You could see a meat berserker (berserk) and 2 bags of meat.

Vanquished Creatures
  An ogre (D)
  3 orcs (D)
4 creatures vanquished.

Notes
Turn   | Place    | Note
-------+----------+-------------------------------------------
     0 | D        | Found the +∞ Axe of Woe
     0 | D        | BigDaddyOpFi the Djinni Summoner began the quest for the
                  | Orb.
     0 | D        | BigDaddyOpFi set off with the following spells memorised:
                  | Summon Small Mammal, Call Imp, Call Canine Familiar, Summon
                  | Guardian Golem, Summon Lightning Spire.
     0 | D        | Reached XP level 1. HP: 15/15 MP: 0/0
     2 | D        | Noticed a bag of meat
     4 | D        | Noticed a bag of meat
     4 | D        | Became a worshipper of Makhleb the Destroyer
     5 | D        | Killed a bag of meat
     5 | D        | Noticed a meat berserker
     6 | D        | Reached skill level 16 in Dodging
     6 | D        | Reached XP level 2. HP: 21/21 MP: 0/0
     6 | D        | Reached XP level 3. HP: 25/25 MP: 0/0
     6 | D        | Learned a level 1 spell: Beastly Appendage
     6 | D        | Reached XP level 4. HP: 31/31 MP: 0/0
     6 | D        | Reached XP level 5. HP: 35/35 MP: 0/0
     6 | D        | Learned a level 2 spell: Blink
     6 | D        | Reached XP level 6. HP: 40/40 MP: 0/0
     6 | D        | Reached XP level 7. HP: 45/45 MP: 0/0
     6 | D        | Learned a level 3 spell: Hailstorm
     6 | D        | Reached XP level 8. HP: 50/50 MP: 0/0
     6 | D        | Reached XP level 9. HP: 55/55 MP: 0/0
     6 | D        | Learned a level 4 spell: Animate Dead
     6 | D        | Reached XP level 10. HP: 60/60 MP: 0/0
     6 | D        | Reached XP level 11. HP: 65/65 MP: 0/0
     6 | D        | Learned a level 5 spell: Metabolic Englaciation
     6 | D        | Noticed a bag of meat
     7 | D        | Noticed a meat berserker
     8 | D        | Noticed a bag of meat
    10 | D        | Killed a meat berserker
    10 | D        | Reached * piety under Makhleb
    10 | D        | Killed a bag of meat
    10 | D        | Killed a bag of meat
    10 | D        | Noticed a bag of meat
    10 | D        | Demolished by a meat berserker

Illustrated notes

Levels and vault maps discovered:
D:        meatsprint

Skill      XL: |  1 |
---------------+----+-----
Dodging        | 16 | 16.5
Stealth        | 14 | 14.0
Spellcasting   | 12 | 12.3

Action                     |  1- 3 |  4- 6 |  7- 9 | 10-12 || total
---------------------------+-------+-------+-------+-------++-------
  Melee: Executioner's axe |     1 |       |       |     1 ||     2

Table legend: (Time is in decaauts)
 A = Elapsed time spent in this place.
 B = Non-inter-level travel time spent in this place.
 C = Inter-level travel time spent in this place.
 D = Time resting spent in this place.
 E = Time spent auto-exploring this place.
 F = Levels seen in this place.
 G = Mean time per level.
                   A        B        C        D        E       F      G
               +--------+--------+--------+--------+--------+-----+--------+
         Total |     10 |     10 |      0 |      0 |      0 |   1 |   10.0 |
       Dungeon |     10 |     10 |      0 |      0 |      0 |   1 |   10.0 |
               +--------+--------+--------+--------+--------+-----+--------+

Top non-repeatable levels by time:
       D: 10 daAuts
